 Dungeon Crawl Stone Soup version 0.22-a0-305-gd21a89c (webtiles) character file.

214 torrenera the Ruffian (level 5, -5/72 HPs)
             Began as a Troll Warper on Mar 29, 2018.
             Killed from afar by an orc wizard (10 damage)
             ... with a magic dart
             ... on level 4 of the Dungeon.
             The game lasted 00:05:33 (2373 turns).

torrenera the Ruffian (Troll Warper)                Turns: 2373, Time: 00:05:34

Health: -5/72      AC:  5    Str: 22 (24) XL:     5   Next: 60%
Magic:  5/5        EV: 10    Int: 13 (15) God:
Gold:   145        SH:  0    Dex:  8 (9)  Spells: 6/6 levels left

rFire    . . .     SeeInvis .     - Unarmed
rCold    . . .     Gourm    +   (no shield)
rNeg     . . .     Faith    .   a - +0 robe
rPois    .         Spirit   .   (helmet restricted)
rElec    .         Reflect  .   (no cloak)
rCorr    .         Harm     .   (gloves unavailable)
MR       .....                  (boots unavailable)
Stlth    ..........             (no amulet)
HPRegen  0.62/turn              (no ring)
MPRegen  0.09/turn              (no ring)

@: mighty, brilliant, berserking, very quick
A: large, unfitting armour, claws 3, fast metabolism 3, gourmand, regeneration
1, shaggy fur 1, tough skin 2
a: no special abilities


You were on level 4 of the Dungeon.
You were very full.

You visited 1 branch of the dungeon, and saw 4 of its levels.

You collected 145 gold pieces.

Inventory:

Missiles
 d - 5 tomahawks of dispersal (quivered)
 g - 77 stones
 p - 11 poisoned needles
Armour
 a - a +0 robe (worn)
Jewellery
 m - a cursed ring of resist corrosion {unknown}
Wands
 k - a wand of digging (6)
Scrolls
 b - 7 scrolls of identify {unknown}
 c - 3 scrolls of blinking
 e - a scroll of noise {unknown}
 i - a scroll of fear {unknown}
 l - a scroll of teleportation {unknown}
 r - a scroll of enchant weapon {unknown}
 s - a scroll of remove curse {unknown}
Potions
 n - a potion of flight {unknown}
 o - a potion of mutation {unknown}
 t - 2 potions of brilliance
 u - a potion of curing {unknown}
Comestibles
 f - 9 rations


   Skills:
 - Level 1.5 Fighting
 - Level 0.8 Throwing
 - Level 1.9 Dodging
 + Level 6.0 Unarmed Combat
 - Level 1.2 Spellcasting
   Level 2.1 Translocations


You had 6 spell levels left.
You didn't know any spells.

Dungeon Overview and Level Annotations

Branches:
Dungeon (4/15)
 Temple: D:4-7

Altars:


Innate Abilities, Weirdness & Mutations

You are too large for most types of armour.
You have claws for hands.
Your metabolism is lightning-fast.
You like to eat raw meat.
Your natural rate of healing is unusually fast.
You are covered in fur. (AC +1)
You have very tough skin. (AC +2)


Message History

* * * LOW HITPOINT WARNING * * *
You hear a bark!
You hear an angry hiss.
You hear a bark!
You hear an angry hiss.
It was a potion of berserk rage.
A red film seems to cover your vision as you go berserk!
You feel yourself moving faster!
You feel mighty! The orc hits you with a whip.
* * * LOW HITPOINT WARNING * * *
The howler monkey completely misses you.
The orc wizard hits you but does no damage.
The orc closely misses you. The howler monkey hits you.
* * * LOW HITPOINT WARNING * * *
The orc wizard hits you but does no damage.
A hound comes into view.
You barely miss the orc wizard.
The orc wizard is heavily wounded.
You feel yourself speed up.
The hound barks!
The orc wizard casts a spell at you. The magic dart hits you!
You die...

.........#
###########'####+#######
........................
....................)...
...................⌠...⌠
........................
.................⌠...>..
................oh......
................@o.⌠...⌠
.......############.....
.......# .#.h. .......#
# .. .......# .......#
.......# .......+
..<....#


You could see a howler monkey, a hound, an orc wizard and an orc.

Vanquished Creatures
  A jelly (D:2)
  5 adders
  4 gnolls (D:2)
  An ooze (D:3)
  6 worms
  3 dart slugs (D:1)
  4 leopard geckos
  An orc (D:4)
  2 giant cockroaches
  8 hobgoblins
  A quokka (D:3)
  5 bats
  6 frilled lizards
  6 goblins
  13 kobolds
  10 rats
76 creatures vanquished.

Notes
Turn   | Place    | Note
-------+----------+-------------------------------------------
     0 | D:1      | torrenera the Troll Warper began the quest for the Orb.
     0 | D:1      | Reached XP level 1. HP: 19/19 MP: 1/1
   140 | D:1      | Reached XP level 2. HP: 22/27 MP: 2/2
   218 | D:1      | Reached skill level 3 in Unarmed Combat
   520 | D:1      | Reached XP level 3. HP: 33/33 MP: 3/3
   943 | D:2      | Reached skill level 4 in Unarmed Combat
   994 | D:2      | Reached XP level 4. HP: 13/41 MP: 4/4
  1090 | D:2      | Reached skill level 5 in Unarmed Combat
  1199 | D:2      | Reached XP level 5. HP: 45/48 MP: 5/5
  2364 | D:4      | Reached skill level 6 in Unarmed Combat
  2373 | D:4      | Killed from afar by an orc wizard

Vault maps used:
D:1:      minmay_arrival_arboretum_large
D:2:      due_unseen_surprise
D:3:      minmay_misc_feat_ornament, serial_park_tiny_2
D:4:      minitemple, first_ration, grunt_ministairs_2

Skill      XL: |  1  2  3  4  5 |
---------------+----------------+-----
Unarmed Combat | 3 4 5 6 |  6.0
Fighting       | |  1.5
Throwing       | |  0.8
Dodging        | |  1.9
Spellcasting   | |  1.2
Translocations | |  2.1

Action                   |  1- 3 |  4- 6 || total
-------------------------+-------+-------++-------
Melee: Unarmed           |    90 |   136 ||   226
       Punch             |     1 |     1 ||     2
  Use: Potion            |       |     4 ||     4
  Eat: Chunk             |    13 |    13 ||    26
Armor: Robe              |    27 |    38 ||    65
Dodge: Dodged            |    44 |    74 ||   118

Table legend:
 A = Spawn XP
 B = Non-spawn XP
 C = Spawn XP percentage of total XP
 D = Spawn monster count
 E = Non-spawn monster count
 F = Spawn count percentage of total count
 G = Total turns spent on level
                    A         B        C        D         E        F      G
               +---------+---------+-------+---------+---------+-------+---------
         Total |       0 |     307 |   0.0 |       0 |      76 |   0.0 |  2373
               +---------+---------+-------+---------+---------+-------+---------
           D:1 |       0 |      49 |   0.0 |       0 |      28 |   0.0 |   828
           D:2 |       0 |     166 |   0.0 |       0 |      25 |   0.0 |   635
           D:3 |       0 |      87 |   0.0 |       0 |      21 |   0.0 |   845
           D:4 |       0 |       5 |   0.0 |       0 |       2 |   0.0 |    65
               +---------+---------+-------+---------+---------+-------+---------
